[Event "Late-Titled-Tuesday-Blitz-October-03-2023"]
[Site "Chess.com"]
[Date "2023.10.03"]
[Round "1"]
[White "Savagelittlemole"]
[Black "TheMagician"]
[Result "1-0"]
[WhiteElo "2554"]
[BlackElo "2190"]
[TimeControl "180+1"]
[EndTime "14:06:46 PDT"]
[Termination "Savagelittlemole won by resignation"]

1. e4 e5 2. Nf3 Nc6 3. Bb5 Nge7 4.
O-O Ng6 5. d4 Nxd4 6. Nxd4 exd4 7. c3 c6 8. Ba4 b5 9. Bb3 dxc3 10. Nxc3 b4 11. Nd5 Bb7 12. Nf4 Nxf4 13. Bxf4 Be7 14. Qd2 O-O 15. Rad1 d5 16. exd5 cxd5 17. Bxd5 Bxd5 18.
Qxd5 Qxd5 19. Rxd5 a5 20. Rd7 Bf6 21. b3 Rfd8 22.
Rxd8+ Bxd8 23. Rd1 f6 24. Kf1 Kf7 25. Rd7+ Kg6 26.
Ke2 Bb6 27. f3 a4 28. Rb7 axb3 29. axb3 Ra2+ 30. Kd3 Bc5 31. g4 Rf2 32. Ke4 Re2+ 33. Kd5 Bf8 34. h4 h5 35. gxh5+ Kxh5 36. Rf7 Re8 37.
Bd6 Bxd6 38. Kxd6 Kg6 39. Rb7 Re3 40. Rxb4 Rxf3 41. Rb5 Rh3 42. h5+ Kh6 43. b4 f5 44.
Rxf5 Rb3 45. b5 Rd3+ 46. Kc6 Rc3+ 47. Kb7 Rb3 48. b6 Rc3 49. Kb8 Rb3 50. b7 Rb4 51.
Rc5 Rf4 52. Ka7 Ra4+ 53. Kb6 Rb4+ 54. Rb5 Rxb5+ 55. Kxb5 1-0

[Event "Late-Titled-Tuesday-Blitz-October-03-2023"]
[Site "Chess.com"]
[Date "2023.10.03"]
[Round "1"]
[White "Defenstrator"]
[Black "Vaathi_Coming"]
[Result "0-1"]
[WhiteElo "2462"]
[BlackElo "2885"]
[TimeControl "180+1"]
[EndTime "14:06:49 PDT"]
[Termination "Vaathi_Coming won by resignation"]

1. e4 g6 2. d4 Bg7 3. Nf3 d6 4. Bc4 Nf6 5. Qe2 Nc6 6. e5 dxe5 7. dxe5 Ng4 8. e6 fxe6 9. Bxe6 Rf8 10. Ng5 Nd4 11.
Qxg4 Nxc2+ 12. Ke2 Nd4+ 13. Ke1 Nc2+ 14. Ke2 Qd4 15.
Qg3 Bxe6 16. Nxe6 Qc4+ 17. Kd2 Nxa1 18. Nxf8 O-O-O+ 19. Ke3 Rd3+ 0-1

[Event "Late-Titled-Tuesday-Blitz-October-03-2023"]
[Site "Chess.com"]
[Date "2023.10.03"]
[Round "1"]
[White "victormago"]
[Black "jcibarra"]
[Result "0-1"]
[WhiteElo "2485"]
[BlackElo "2944"]
[TimeControl "180+1"]
[EndTime "14:06:51 PDT"]
[Termination "jcibarra won on time"]

1. d4 Nf6 2. c4 d6 3. Nf3 g6 4.
Nc3 Bf5 5. Qb3 b6 6. g3 Bg7 7.
Bg2 Nc6 8. O-O O-O 9. Qd1 Ne4 10.
Nxe4 Bxe4 11. e3 Na5 12. b3 c5 13. Bb2 d5 14. cxd5 Qxd5 15. Qe2 c4 16. Bc3 Bd3 17. bxc4 Qxc4 18. Qd2 Bxf1 19. Rxf1 Qa4 20. Ne5 Rac8 21. Bb4 Rc2 22. Qe1 Bxe5 23. dxe5 Nc6 24. Bxc6 Qxc6 25. Bxe7 Re8 26. Bf6 Rc8 27. Qb4 Qf3 28. Qa3 h5 29. h4 a5 30. Bg5 R8c3 0-1

[Event "Late-Titled-Tuesday-Blitz-October-03-2023"]
[Site "Chess.com"]
[Date "2023.10.03"]
[Round "1"]
[White "ViIIagra"]
[Black "Langua_Chess"]
[Result "1/2-1/2"]
[WhiteElo "2933"]
[BlackElo "2492"]
[TimeControl "180+1"]
[EndTime "14:06:51 PDT"]
[Termination "Game drawn by repetition"]

1. d4 d5 2. Nd2 Nc6 3. Ngf3 Bg4 4. h3 Bh5 5. e3 e6 6. c4 Nf6 7. Qa4 Bb4 8. Ne5 O-O 9. Nxc6 Bxd2+ 10. Bxd2 bxc6 11.
Qxc6 Rb8 12. Bc3 Ne4 13. Bd3 Nxc3 14. bxc3 Qg5 15. g4 Bg6 16. Bxg6 Qxg6 17. cxd5 Rb1+ 18. Ke2 Rb2+ 19. Kf1 Qe4 20. Rh2 Rfb8 21. Re1 Rb1 22. Qa6 Rxe1+ 23. Kxe1 Rb1+ 24. Ke2 Rb2+ 25. Kf1 Rb1+ 26.
Ke2 Rb2+ 27. Kf1 Rb1+ 28. Ke2 1/2-1/2

[Event "Late-Titled-Tuesday-Blitz-October-03-2023"]
[Site "Chess.com"]
[Date "2023.10.03"]
[Round "1"]
[White "SmirnovTimofey2000"]
[Black "pirulillo"]
[Result "0-1"]
[WhiteElo "2514"]
[BlackElo "2363"]
[TimeControl "180+1"]
[EndTime "14:06:53 PDT"]
[Termination "pirulillo won on time"]

1. d4 Nf6 2. Bf4 c5 3. e3 d5 4.
c3 Nc6 5. Nd2 e6 6. Ngf3 Bd6 7.
Bg3 Qe7 8. Ne5 Bxe5 9. dxe5 Nd7 10. f4 a5 11. a4 b6 12. Bb5 Na7 13. Bd3 Nc6 14. Bb5 Na7 15. c4 Nxb5 16. axb5 Bb7 17. O-O O-O 18. b3 Rad8 19. Qc2 f6 20. Nf3 Rc8 21. Rac1 f5 22. Bh4 Qe8 23. h3 Rf7 24.
Ng5 Nf8 25. Nxf7 Qxf7 0-1

[Event "Late-Titled-Tuesday-Blitz-October-03-2023"]
[Site "Chess.com"]
[Date "2023.10.03"]
[Round "1"]
[White "dedpihto_v_kozhanom_palto"]
[Black "YouShallNotPass001"]
[Result "1-0"]
[WhiteElo "2693"]
[BlackElo "2374"]
[TimeControl "180+1"]
[EndTime "14:06:55 PDT"]
[Termination "dedpihto_v_kozhanom_palto won by resignation"]

1. c4 Nf6 2. Nc3 e6 3. e4 d5 4. e5 Ne4 5. Nxe4 dxe4 6. Qg4 Qd4 7. Nf3 h5 8. Qf4 Qc5 9. Qxe4 Nc6 10. a3 Qb6 11. b4 a5 12. b5 Ne7 13. d4 c5 14. dxc5 Qxc5 15. Be3 Qc7 16. Be2 Nf5 17.
O-O Nxe3 18. Qxe3 Be7 19. Rac1 b6 20. Nd4 Bb7 21. Bf3 Bc5 22. Bxb7 Qxb7 23. Rfd1 O-O-O 24. Rd3 Rd7 25. Rcd1 Rhd8 26. Qf4 Qc7 27. h4 f6 28.
Qe4 Qxe5 29. Qa8+ Qb8 30. Qxb8+ Kxb8 31. Nc6+ Kc7 32. Nxd8 Rxd3 33. Rxd3 1-0

[Event "Late-Titled-Tuesday-Blitz-October-03-2023"]
[Site "Chess.com"]
[Date "2023.10.03"]
[Round "1"]
[White "GAusal"]
[Black "Deeper44"]
[Result "0-1"]
[WhiteElo "2282"]
[BlackElo "2589"]
[TimeControl "180+1"]
[EndTime "14:06:55 PDT"]
[Termination "Deeper44 won on time"]

1. d4 Nf6 2. Nf3 g6 3. c4 Bg7 4.
Nc3 O-O 5. e4 d6 6. Be2 Na6 7. O-O e5 8. Be3 c6 9. d5 Ng4 10. Bg5 f6 11. Bd2 c5 12. h3 Nh6 13.
Qc1 Nf7 14. a3 Bd7 15. Kh2 b6 16. g4 Qe7 17. Rg1 Kh8 18. Bd3 Rg8 19. Rg2 Qf8 20. Ng1 Bh6 21. Bxh6 Qxh6 22. Qxh6 Nxh6 23. f3 f5 24.
exf5 gxf5 25. g5 Nf7 26. h4 Nc7 27. Nh3 Ne8 28. f4 Ng7 29. fxe5 dxe5 30. a4 Nd6 31. Rf1 Rgf8 32. Rgf2 Rae8 33. Ne4 Nxe4 34. Bxe4 Kg8 35.
Bg2 f4 36. Be4 Nh5 37. b3 Ng3 38. Bc2 Nxf1+ 39. Rxf1 Bxh3 40. Kxh3 e4 41. Kg4 e3 0-1

[Event "Late-Titled-Tuesday-Blitz-October-03-2023"]
[Site "Chess.com"]
[Date "2023.10.03"]
[Round "1"]
[White "jaskol95"]
[Black "acertijo08"]
[Result "1-0"]
[WhiteElo "2639"]
[BlackElo "2341"]
[TimeControl "180+1"]
[EndTime "14:06:59 PDT"]
[Termination "jaskol95 won by checkmate"]

1. e4 c5 2. Nf3 d6 3. Bb5+ Bd7 4. a4 Nf6 5. Nc3 g6 6. O-O Bg7 7. d3 O-O 8. h3 Nc6 9. Be3 h6 10. Qd2 Kh7 11. e5 Ng8 12. exd6 exd6 13. Bf4 Ne5 14.
Bxe5 dxe5 15. Bxd7 Qxd7 16. Rfe1 Rfe8 17. Qe3 b6 18. a5 Rad8 19. axb6 axb6 20. Ra6 Qb7 21. Rea1 Ra8 22. Qe4 Qxa6 23. Rxa6 Rxa6 24. Qb7 Ra1+ 25. Kh2 Re6 26. Ne4 f6 27. Qf7 Re7 28. Nxf6+ Nxf6 29. Qxe7 Nd5 30. Qb7 Nb4 31. Nxe5 Re1 32. f4 Nxc2 33. Qf7 Nd4 34. Qxg6+ Kg8 35. Ng4 Re6 36.
Nxh6+ Kf8 37. Qf7# 1-0

[Event "Late-Titled-Tuesday-Blitz-October-03-2023"]
[Site "Chess.com"]
[Date "2023.10.03"]
[Round "1"]
[White "Veiso"]
[Black "CuteSheepCloud"]
[Result "1-0"]
[WhiteElo "2374"]
[BlackElo "2609"]
[TimeControl "180+1"]
[EndTime "14:06:59 PDT"]
[Termination "Veiso won by resignation"]

1. e4 e5 2. Nf3 Nc6 3. d4 exd4 4. Nxd4 Nf6 5. Nc3 Bb4 6. Nxc6 bxc6 7. Bd3 d5 8. exd5 cxd5 9. O-O O-O 10. h3 c6 11. Qf3 Be7 12. Bf4 Be6 13. Rad1 h6 14. Ne2 Qb6 15. b3 Rad8 16. Ng3 c5 17. Rfe1 c4 18.
Bf5 Rfe8 19. Be5 Nd7 20. Bd4 Bc5 21. Qg4 Bxd4 22. Qxd4 Qxd4 23. Rxd4 Nb6 24. Bxe6 fxe6 25. bxc4 Nxc4 26. f4 Kf7 27. Rb1 Rb8 28. Rdd1 Ne3 29. Rdc1 Rxb1 30. Rxb1 Nxc2 31. Kf2 Re7 32. Ke2 Na3 33.
Rb3 Nc4 34. Kd3 Rc7 35. Ne2 Nd6 36. Nd4 Ne4 37. Ra3 Rb7 38. Nc6 Rb2 39. Ne5+ Kg8 40.
g4 a6 41. Ke3 Rh2 42. Rxa6 Rxh3+ 43. Kd4 Rh1 44. Rxe6 Rd1+ 45. Ke3 Nc3 46. f5 d4+ 47. Kf2 Kf8 48. Ng6+ Kf7 49. Nh8+ Kg8 50. Re8+ Kh7 51. Ng6 Rd2+ 52. Ke1 Rd1+ 53. Kf2 Rd2+ 54. Kg3 Rd3+ 55. Kh4 1-0

[Event "Late-Titled-Tuesday-Blitz-October-03-2023"]
[Site "Chess.com"]
[Date "2023.10.03"]
[Round "1"]
[White "2346PL"]
[Black "Anton_Demchenko"]
[Result "1-0"]
[WhiteElo "2502"]
[BlackElo "2928"]
[TimeControl "180+1"]
[EndTime "14:07:00 PDT"]
[Termination "2346PL won on time"]

1. d4 Nf6 2. Nf3 d6 3. Bg5 Nbd7 4. Nbd2 h6 5. Bh4 g5 6. Bg3 Nh5 7. e4 Bg7 8. c3 c5 9. d5 a6 10. a4 b6 11. Be2 Rb8 12. O-O Nxg3 13. hxg3 g4 14.
Nh4 Ne5 15. Nf5 Bxf5 16. exf5 h5 17. Bxa6 Kf8 18. Ne4 Qd7 19. Bd3 c4 20. Bc2 Bf6 21. Qe2 h4 22. Nd2 hxg3 23. fxg3 Qc7 24. Ne4 Rh5 25. Rf4 Bg5 26. Nxg5 Rxg5 27. f6 exf6 28.
Rxf6 Kg7 29. Raf1 Rh8 30. R6f5 Qc5+ 31. Qf2 Rxf5 32. Bxf5 Qxd5 33. Qxb6 Ra8 34. Qf2 Rxa4 35. Qf4 Qc5+ 36. Kh2 Ra8 37. Bxg4 Rh8+ 38. Bh3 Rh6 39. g4 1-0

[Event "Late-Titled-Tuesday-Blitz-October-03-2023"]
[Site "Chess.com"]
[Date "2023.10.03"]
[Round "1"]
[White "chessajedrezz2020"]
[Black "UK_23"]
[Result "1-0"]
[WhiteElo "2720"]
[BlackElo "2399"]
[TimeControl "180+1"]
[EndTime "14:07:00 PDT"]
[Termination "chessajedrezz2020 won by resignation"]

1. Nf3 d5 2. d4 Nf6 3. c4 e6 4. Nc3 Be7 5. e3 O-O 6. Bd3 a6 7. c5 b6 8. cxb6 cxb6 9. O-O Bb7 10. b3 Nbd7 11. Bb2 Ne4 12. Rc1 f5 13. Ne2 Bd6 14. Ne5 Nxe5 15. dxe5 Bc5 16. Nd4 Qe7 17. Rc2 f4 18.
exf4 Rxf4 19. g3 Rff8 20. Kg2 Rae8 21. h4 h6 22. Qg4 Qf7 23. f3 Bxd4 24. fxe4 Qd7 25.
Bxd4 dxe4 26. Be2 Qxd4 27. Rc7 e3+ 28. Rxb7 Qxg4 29. Bxg4 b5 30. Re1 Rf2+ 31. Kh3 Rxa2 32. Rxe3 Rf8 33. Bxe6+ Kh8 34. h5 a5 35. Bd7 b4 36. e6 Rff2 37. e7 Rh2+ 38. Kg4 Kh7 39. e8=Q 1-0

[Event "Late-Titled-Tuesday-Blitz-October-03-2023"]
[Site "Chess.com"]
[Date "2023.10.03"]
[Round "1"]
[White "familijatop71"]
[Black "The_Straightforward_Rook"]
[Result "0-1"]
[WhiteElo "2174"]
[BlackElo "2546"]
[TimeControl "180+1"]
[EndTime "14:07:00 PDT"]
[Termination "The_Straightforward_Rook won on time"]

1. e4 e5 2. Nf3 Nc6 3. Bc4 Bc5 4. O-O Nf6 5. d3 a6 6. a4 h6 7. Re1 d6 8. c3 Ba7 9. Nbd2 g5 10. b4 g4 11. Nh4 Nxe4 12. Nxe4 Qxh4 13. d4 Bd7 14. b5 Na5 15. Bd5 Rb8 16. dxe5 dxe5 17. Be3 Bxe3 18. Rxe3 O-O 19. Rg3 h5 20. h3 Kg7 21.
hxg4 hxg4 22. Qd2 Rbd8 23. Re1 Be6 24. c4 Nxc4 25. Qe2 Rxd5 26. Qxc4 axb5 27. axb5 Rd1 28.
Qe2 Rxe1+ 29. Qxe1 b6 30. Qe3 Rd8 31. Qe2 f5 32. Nc3 Kf6 33. Nd1 Rh8 0-1

[Event "Late-Titled-Tuesday-Blitz-October-03-2023"]
[Site "Chess.com"]
[Date "2023.10.03"]
[Round "1"]
[White "LuisFSiles"]
[Black "Siemba"]
[Result "1-0"]
[WhiteElo "2290"]
[BlackElo "2571"]
[TimeControl "180+1"]
[EndTime "14:07:01 PDT"]
[Termination "LuisFSiles won on time"]

1. e4 c5 2. Nf3 d6 3. Bb5+ Bd7 4. Bxd7+ Nxd7 5. b3 e5 6. O-O g6 7. d3 Bg7 8. Nc3 Ngf6 9. Bg5 h6 10. Bxf6 Nxf6 11. Nd2 a6 12. Nc4 b5 13. Ne3 O-O 14. Ncd5 Nxd5 15.
Nxd5 f5 16. c4 b4 17. a3 a5 18. axb4 axb4 19. Rxa8 Qxa8 20. exf5 gxf5 21. Ne7+ Kh7 22. Qh5 Rf6 23. Nxf5 Rg6 24. Ng3 Rg5 25. Qf3 Qa2 26.
Qe4+ Kh8 27. h4 Rxg3 28. fxg3 Qxb3 29. Ra1 Kg8 30. Qg6 Qa3 31. Qe8+ Kh7 32. Rxa3 bxa3 33. Qa8 e4 34. Qxa3 e3 35. Kf1 Be5 36. h5 Bxg3 37. Qa7+ Kg8 38. Ke2 Be5 39. Qe7 1-0

[Event "Late-Titled-Tuesday-Blitz-October-03-2023"]
[Site "Chess.com"]
[Date "2023.10.03"]
[Round "1"]
[White "Sanyura"]
[Black "esrosenberg"]
[Result "1-0"]
[WhiteElo "2662"]
[BlackElo "2362"]
[TimeControl "180+1"]
[EndTime "14:07:07 PDT"]
[Termination "Sanyura won by resignation"]

1. Nf3 d5 2. g3 Nd7 3. Bg2 e5 4.
d3 Ngf6 5. O-O Bd6 6. e4 c6 7. Nc3 O-O 8. Bg5 h6 9. Bd2 Re8 10. Nh4 Nb6 11. a4 a5 12. exd5 cxd5 13. Nb5 Bb8 14. Re1 Bg4 15. Bf3 Bxf3 16. Qxf3 e4 17. dxe4 dxe4 18. Qe2 Nbd5 19. c4 Nb4 20. Bxb4 axb4 21. Rad1 Qc8 22. b3 Qh3 23. Qf1 Qg4 24. h3 Qh5 25. Qe2 Qe5 26. Ng2 Ra6 27. Nf4 Ba7 28. Kh2 g5 29. Nd5 Nxd5 30. Rxd5 Qf6 31.
Nc7 Ree6 32. Nxa6 bxa6 33. c5 Bb8 34. Red1 Kg7 35. R5d4 h5 36. Rxb4 Be5 37. Rxe4 h4 38. Kg2 hxg3 39. fxg3 a5 40. Rf1 Qe7 41. Rf5 f6 42. h4 Qb7 43. hxg5 Bxg3 44. gxf6+ Kf7 45. Qh5+ Kf8 46. Qh8+ 1-0

[Event "Late-Titled-Tuesday-Blitz-October-03-2023"]
[Site "Chess.com"]
[Date "2023.10.03"]
[Round "1"]
[White "Maestro1986"]
[Black "Doudou2015"]
[Result "1-0"]
[WhiteElo "2539"]
[BlackElo "2154"]
[TimeControl "180+1"]
[EndTime "14:07:10 PDT"]
[Termination "Maestro1986 won by resignation"]

1. Nf3 d5 2. g3 Nf6 3. Bg2 Bf5 4. O-O Qc8 5. c4 dxc4 6. Qa4+ c6 7. Qxc4 Nbd7 8. d4 Nb6 9. Qb3 Be6 10. Qc2 Bh3 11.
Nc3 h5 12. Bg5 Bxg2 13. Kxg2 e6 14. Bxf6 gxf6 15. h4 f5 16. e4 f4 17. Ng5 Nc4 18. e5 fxg3 19. Nce4 b5 20. b3 Nb6 21. Nf6+ Ke7 22. Qc5+ Kd8 23. Nxf7+ Kc7 24. Nd6 Bxd6 25. exd6+ Kb7 26. fxg3 Qd8 27. Rac1 Rc8 28. Ne4 Nd7 29. Qg5 Qxg5 30. Nxg5 Nf8 31. Rf7+ Kb6 32. Rcf1 Ng6 33. R1f6 Nf8 34. d7 Rd8 35. Nxe6 Nxe6 36. Rxe6 Rhg8 37. d5 Kc5 38. dxc6 Kb6 39. Rfe7 Kc7 40. Re8 a6 41. Rxg8 Rxg8 42. Re8 1-0

[Event "Late-Titled-Tuesday-Blitz-October-03-2023"]
[Site "Chess.com"]
[Date "2023.10.03"]
[Round "1"]
[White "ArmanGhevondyanchess"]
[Black "Verony64"]
[Result "1/2-1/2"]
[WhiteElo "2556"]
[BlackElo "2229"]
[TimeControl "180+1"]
[EndTime "14:07:11 PDT"]
[Termination "Game drawn by stalemate"]

1. Nf3 d6 2. d4 Nd7 3. g3 c6 4. Bg2 e5 5. O-O f5 6. c4 Ngf6 7. Nc3 Be7 8. e4 fxe4 9. Ng5 Nb6 10. c5 Nbd5 11. cxd6 Bxd6 12. Ncxe4 O-O 13. Nxf6+ Nxf6 14. Qb3+ Kh8 15. Nf7+ Rxf7 16. Qxf7 exd4 17. Bg5 Bf5 18. Rfe1 Bg6 19. Qb3 Rb8 20. Qa4 d3 21. Rad1 Bc5 22.
Be3 Qb6 23. Qf4 Rf8 24. h4 Bxe3 25. Qxe3 Qxb2 26. Qc5 Rg8 27. Bf3 Qxa2 28. Re7 Qc2 29. h5 Qxc5 30. Rxb7 Be4 31. Bg2 Qc2 32. Rbb1 Bxg2 33.
Kxg2 d2 34. Ra1 Qe4+ 35. f3 Qe2+ 36. Kh3 Nxh5 37. Kg4 g6 38. Rh1 Qe6+ 39. Kh4 Qf6+ 40. Kg4 Qf5+ 41. Kh4 Qxf3 42. Rhg1 Qf6+ 43. Kh3 Re8 44.
Raf1 Qe6+ 45. Kh4 Qe2 46. g4 Qh2+ 47. Kg5 Re5+ 48. Rf5 gxf5 49. gxf5 Qxg1+ 50. Kh4 Re4+ 51. Kxh5 Qg4+ 52. Kh6 Qxf5 1/2-1/2

[Event "Late-Titled-Tuesday-Blitz-October-03-2023"]
[Site "Chess.com"]
[Date "2023.10.03"]
[Round "1"]
[White "Yushko_Olga"]
[Black "elmusmolamas"]
[Result "0-1"]
[WhiteElo "2109"]
[BlackElo "2533"]
[TimeControl "180+1"]
[EndTime "14:07:11 PDT"]
[Termination "elmusmolamas won by resignation"]

1. d4 d5 2. c4 c6 3. cxd5 cxd5 4. Nc3 Nf6 5. Nf3 Bf5 6. Bf4 e6 7. Qb3 Qb6 8. Qxb6 axb6 9. e3 Nc6 10. Be2 Be7 11.
O-O O-O 12. Bc7 Nd7 13. Rfc1 Rfc8 14. Bg3 h6 15. a3 Na5 16. Nb5 Nb3 17. Rxc8+ Rxc8 18. Re1 Rc2 19. Bd6 Kf8 20. a4 Rxb2 21. Bd1 Na5 22.
Bc7 Bb4 23. Bd6+ Bxd6 24. Nxd6 Bh7 25. Be2 Ke7 26. Nc8+ Kd8 27. Nd6 f6 28. Bb5 Rc2 29.
h3 Ke7 30. e4 Kxd6 31. e5+ fxe5 32. dxe5+ Ke7 33. Nd4 Rb2 34. Re3 Nc4 35. Rg3 g5 36. f4 Nd2 37. fxg5 Rb1+ 38. Kf2 Ne4+ 39. Kf3 Nxg3 40.
Kxg3 hxg5 0-1

[Event "Late-Titled-Tuesday-Blitz-October-03-2023"]
[Site "Chess.com"]
[Date "2023.10.03"]
[Round "1"]
[White "maximnovik"]
[Black "FaustinoOro"]
[Result "0-1"]
[WhiteElo "2456"]
[BlackElo "2876"]
[TimeControl "180+1"]
[EndTime "14:07:13 PDT"]
[Termination "FaustinoOro won on time"]

1. e4 c5 2. Nf3 d6 3. d4 cxd4 4. Nxd4 Nf6 5. Nc3 a6 6. h3 e5 7.
Nb3 h5 8. Bg5 Be7 9. Qf3 Be6 10.
O-O-O Nbd7 11. Kb1 Rc8 12. Bxf6 Nxf6 13. Nd5 Bxd5 14.
exd5 b5 15. Bd3 g6 16. g4 Qb6 17. g5 Nd7 18. h4 a5 19. Qe2 a4 20. Nd2 Rb8 21. f4 exf4 22. Nf3 Qe3 23. Qf1 Qc5 24. Qe2 Ne5 25. Nxe5 dxe5 26. Qxe5 O-O 27. Qxf4 a3 28. Rhe1 axb2 29. Bxg6 Ra8 30. Qe5 Bd6 31. Qf6 Qa3 32. Bxf7+ Rxf7 33. Qg6+ Kh8 34. Qxh5+ Rh7 0-1

[Event "Late-Titled-Tuesday-Blitz-October-03-2023"]
[Site "Chess.com"]
[Date "2023.10.03"]
[Round "1"]
[White "chesskov1982"]
[Black "SergioMoralesG"]
[Result "1-0"]
[WhiteElo "2840"]
[BlackElo "2442"]
[TimeControl "180+1"]
[EndTime "14:07:13 PDT"]
[Termination "chesskov1982 won by checkmate"]

1. d4 d5 2. c4 c6 3. Nc3 Nf6 4. Nf3 e6 5. Bg5 h6 6. Bh4 dxc4 7. e4 g5 8. Bg3 b5 9. h4 g4 10. Ne5 Nbd7 11. Qc2 Nxe5 12. Bxe5 Rg8 13. Be2 Nd7 14. Bg3 Qb6 15. O-O-O Bb7 16. h5 Be7 17.
Kb1 O-O-O 18. a3 a6 19. Bf4 Bg5 20. Bg3 c5 21. d5 Nf6 22. f4 gxf3 23. Bxf3 Be3 24. Bh4 e5 25. Rde1 Bd4 26. Nd1 a5 27. Ne3 Ba6 28. Nf5 Rge8 29. Rhf1 b4 30. Bxf6 Qxf6 31. Nxd4 cxd4 32. Bg4+ Kb8 33. Rxf6 d3 34. Qa4 c3 35. Rxa6 d2 36. Qb5+ Kc7 37. Qc6+ Kb8 38.
Ra8# 1-0

[Event "Late-Titled-Tuesday-Blitz-October-03-2023"]
[Site "Chess.com"]
[Date "2023.10.03"]
[Round "1"]
[White "Battever"]
[Black "dropstoneDP"]
[Result "0-1"]
[WhiteElo "2510"]
[BlackElo "3081"]
[TimeControl "180+1"]
[EndTime "14:07:14 PDT"]
[Termination "dropstoneDP won on time"]

1. Nf3 d5 2. d4 Nf6 3. Bg5 c5 4.
e3 Nc6 5. Nbd2 cxd4 6. exd4 h6 7. Bh4 Bf5 8. c3 e6 9. Qb3 Qc8 10. Ne5 Bd6 11. Be2 Nxe5 12. dxe5 Bxe5 13. Qa4+ Kf8 14.
Qb4+ Kg8 15. Nf3 Bc7 16. O-O Ne4 17. Rfe1 Bd6 18. Qb3 g5 19. Bg3 Nxg3 20. hxg3 Be7 21.
c4 dxc4 22. Bxc4 Bf6 23. Rac1 Kg7 24. Bd3 Qd7 25. Bxf5 exf5 26. Red1 Qe6 27. Qxb7 Rhb8 28. Qd5 Qxd5 29. Rxd5 Rxb2 30. Rxf5 Re8 31. Ra5 Ree2 32. Rxa7 Rxf2 33. Rcc7 Rxg2+ 34. Kh1 Rgf2 35. Rxf7+ Kg6 36.
Ne5+ Bxe5 37. Rxf2 Rxf2 0-1

[Event "Late-Titled-Tuesday-Blitz-October-03-2023"]
[Site "Chess.com"]
[Date "2023.10.03"]
[Round "1"]
[White "adricalderon8"]
[Black "JohnWhite1952"]
[Result "0-1"]
[WhiteElo "2484"]
[BlackElo "2063"]
[TimeControl "180+1"]
[EndTime "14:07:14 PDT"]
[Termination "JohnWhite1952 won by resignation"]

1. e4 c5 2. Nf3 e6 3. d4 cxd4 4. Nxd4 Nc6 5. Nc3 d6 6. f4 Nf6 7. Be3 Be7 8. Qf3 Bd7 9. O-O-O O-O 10. Nxc6 Bxc6 11. g4 a6 12. g5 Nd7 13. h4 b5 14.
h5 b4 15. Ne2 Qa5 16. Kb1 f5 17. gxf6 Nxf6 18. Ng3 Rac8 19. Bd3 d5 20. h6 g6 21. Qe2 dxe4 22. Bc4 Bd5 23. Bb3 Qc7 24. Rhg1 a5 25. f5 Bxb3 26. axb3 Nd5 27. fxg6 hxg6 28. Nxe4 Nxe3 29. Qxe3 Qxc2+ 30. Ka2 a4 31. Rxg6+ Kh7 32. Rg7+ Kh8 33. Rxe7 axb3+ 34. Qxb3 Ra8+ 0-1

[Event "Late-Titled-Tuesday-Blitz-October-03-2023"]
[Site "Chess.com"]
[Date "2023.10.03"]
[Round "1"]
[White "Bilan_Danila"]
[Black "Danishcrown"]
[Result "1-0"]
[WhiteElo "2536"]
[BlackElo "2136"]
[TimeControl "180+1"]
[EndTime "14:07:15 PDT"]
[Termination "Bilan_Danila won on time"]

1. d4 Nf6 2. Nf3 e6 3. g3 d5 4. Bg2 c5 5. O-O Nc6 6. c4 dxc4 7. Qa4 Bd7 8. Qxc4 b5 9. Qd3 c4 10. Qd1 Rc8 11. Nc3 a6 12. Ne5 Be7 13. e4 O-O 14.
Be3 h6 15. a4 b4 16. Nb1 Nxe5 17. dxe5 Ne8 18. Nd2 c3 19. bxc3 bxc3 20. Nf3 Bc6 21. Nd4 Bb7 22. Qb3 Ba8 23. Rac1 Bc5 24. Rxc3 Bxd4 25. Rxc8 Qxc8 26. Bxd4 Nc7 27. Bc5 Rd8 28.
Bb6 Qb7 29. a5 Rd7 30. Rc1 Nb5 31. Qc4 Kh7 32. h4 1-0

[Event "Late-Titled-Tuesday-Blitz-October-03-2023"]
[Site "Chess.com"]
[Date "2023.10.03"]
[Round "1"]
[White "Nekoo04"]
[Black "RichardLeyvaP"]
[Result "0-1"]
[WhiteElo "2291"]
[BlackElo "2591"]
[TimeControl "180+1"]
[EndTime "14:07:16 PDT"]
[Termination "RichardLeyvaP won by resignation"]

1. d4 Nf6 2. c4 g6 3. Nc3 Bg7 4. e4 d6 5. Nf3 O-O 6. Be2 e5 7. d5 a5 8. O-O Na6 9. Be3 Ng4 10. Bg5 Qe8 11. Nd2 Nf6 12. a3 Bd7 13. b3 h6 14. Be3 Nh7 15. Rb1 Nc5 16. Qc2 f5 17. f3 f4 18. Bf2 g5 19. b4 Na6 20. c5 Nf6 21. c6 bxc6 22. dxc6 Be6 23.
b5 Nc5 24. Bxc5 dxc5 25. Bc4 Kh7 26. Rfd1 g4 27. Bxe6 Qxe6 28. Nd5 gxf3 29. Nxf3 Rf7 30. Nxf4 exf4 31. e5+ Kh8 32. exf6 Bxf6 33. Qxc5 Rg8 34. Rd2 Rfg7 35. Re1 Qb3 36. Qf2 Bc3 37. Rd3 Rxg2+ 38.
Qxg2 Rxg2+ 39. Kxg2 Qg8+ 40. Kf2 Bxe1+ 41. Nxe1 Qc4 42. a4 Qxa4 43. b6 Qxc6 44. bxc7 Qxc7 45. Nf3 a4 46. Nd4 Qc4 47. Rd2 a3 0-1

[Event "Late-Titled-Tuesday-Blitz-October-03-2023"]
[Site "Chess.com"]
[Date "2023.10.03"]
[Round "1"]
[White "remi04"]
[Black "Balla_Tamas"]
[Result "1/2-1/2"]
[WhiteElo "2853"]
[BlackElo "2458"]
[TimeControl "180+1"]
[EndTime "14:07:17 PDT"]
[Termination "Game drawn by repetition"]

1. c4 c5 2. Nf3 Nc6 3. e3 Nf6 4. Nc3 g6 5. d4 cxd4 6. exd4 d5 7.
cxd5 Nxd5 8. Qb3 Nxc3 9. Bc4 e6 10. bxc3 Bd7 11. Bd3 Bg7 12. Ba3 Ne7 13. O-O O-O 14.
Qxb7 Re8 15. Be4 Rc8 16. Ne5 Bxe5 17. dxe5 Rxc3 18. Rad1 Rc7 19. Qa6 Nd5 20. Bxd5 exd5 21. Rxd5 Qg5 22. Qd6 Be6 23. Ra5 Rd7 24. Qc6 Red8 25.
Bc1 Qg4 26. h3 Qe2 27. Bg5 Rd1 28. Rxd1 Rxd1+ 29. Kh2 Qxf2 30. Qa8+ Kg7 31. Bf6+ Kh6 32. Qf3 Qg1+ 33. Kg3 Qe1+ 34. Kh2 Qg1+ 35. Kg3 Qe1+ 36. Kh2 Qg1+ 1/2-1/2

[Event "Late-Titled-Tuesday-Blitz-October-03-2023"]
[Site "Chess.com"]
[Date "2023.10.03"]
[Round "1"]
[White "Aswathchess"]
[Black "HanSchut"]
[Result "1/2-1/2"]
[WhiteElo "2613"]
[BlackElo "2328"]
[TimeControl "180+1"]
[EndTime "14:07:17 PDT"]
[Termination "Game drawn by repetition"]

1. e4 c5 2. Nc3 Nc6 3. Bb5 Nd4 4. Nf3 Nxb5 5. Nxb5 a6 6. Nc3 d6 7. O-O Nf6 8. d4 cxd4 9. Qxd4 Bg4 10. Qe3 g6 11. e5 dxe5 12. Nxe5 Bg7 13. Nxg4 Nxg4 14. Qf3 Qc8 15. Nd5 Ne5 16. Qe2 Qc6 17. c4 e6 18. Bf4 exd5 19. Bxe5 O-O 20. Bxg7 Kxg7 21. Qe5+ f6 22. Qxd5 Qxd5 23. cxd5 Rfd8 24. Rfd1 Rd6 25. Rd2 Rad8 26. Rad1 f5 27. f4 Kf6 28. Kf2 Re8 29. g3 Re4 30. Rc1 Rd7 31. Rc8 Ke7 32. d6+ Kf7 33. Kf3 Rb4 34. Rh8 Kg7 35. Re8 Kf7 36. Re5 Rb6 37. Red5 Ke6 38. Re5+ Kf7 39. Rc5 Ke6 40. Re5+ Kf7 1/2-1/2

[Event "Late-Titled-Tuesday-Blitz-October-03-2023"]
[Site "Chess.com"]
[Date "2023.10.03"]
[Round "1"]
[White "baki83"]
[Black "GMForgacs"]
[Result "1-0"]
[WhiteElo "2821"]
[BlackElo "2435"]
[TimeControl "180+1"]
[EndTime "14:07:19 PDT"]
[Termination "baki83 won by resignation"]

1. e4 e5 2. Nf3 Nc6 3. Bc4 Nf6 4. Nc3 Nxe4 5. Bxf7+ Kxf7 6. Nxe4 d5 7. Neg5+ Kg8 8.
d4 h6 9. dxe5 hxg5 10. Bxg5 Be7 11. Bxe7 Nxe7 12. Qd4 Bf5 13. O-O-O b6 14. Rhe1 c5 15. Qf4 Qd7 16. e6 Bxe6 17. Ne5 Qd6 18. Ng6 Qxf4+ 19. Nxf4 Bg4 20. f3 Rxh2 21. Rxe7 Bf5 22.
Nxd5 Rxg2 23. Ne3 Rg5 24. f4 Rh5 25. Rg1 g6 26. Nxf5 Rxf5 27. Rxg6+ Kf8 28. Reg7 Re8 29. Rg8+ Kf7 30. Rxe8 Kxg6 31. Re7 Rxf4 32. Rxa7 Rf6 33. Re7 Rd6 34. a4 Kf6 35. Re8 Kf7 36. Re4 Rh6 37. c3 Rh2 38. Kb1 Kf6 39. Ka2 Kf5 40. Re7 Rd2 41. Kb3 Rh2 42. Rb7 Rh6 43. Kc4 Ke5 44.
Kb5 Rh2 45. b3 Rb2 46. Kc4 Rh2 47. Rxb6 Rh3 48. Rc6 Rh1 49. Kxc5 Rb1 50. b4 Ra1 51. a5 Ra3 52. c4 Ra4 53. a6 Ke4 54. Kb5 Ra2 55.
Rc7 Ke5 56. a7 Kd6 57. Rh7 Ra1 58. c5+ Kd5 59. Kb6 Ra4 60. b5 Ra2 61. Rh5+ Ke6 62.
Rh8 Kd7 63. a8=Q Ra6+ 64. bxa6 1-0